 Dungeon Crawl Stone Soup version 0.26-a0-663-g36e8fdb655 (webtiles) character file.

Game seed: 11313188539345570542

3458 demenzo the Covered (level 9, -4/79 HPs)
             Began as a Demigod Fighter on Oct 10, 2020.
             Killed from afar by an electric eel (5 damage)
             ... with a bolt of electricity
             ... in a bailey.
             The game lasted 00:11:52 (7593 turns).

demenzo the Covered (Demigod Fighter)               Turns: 7593, Time: 00:11:53

Health: -4/79      AC: 21    Str: 19    XL:     9   Next: 49%
Magic:  11/11      EV:  4    Int: 18    God:
Gold:   167        SH: 11    Dex: 21    Spells: 8/8 levels left

rFire    . . .     SeeInvis .   v - +5 hand axe
rCold    . . .     Faith    .   c - +0 kite shield
rNeg     . . .     Spirit   .   b - +0 plate armour
rPois    .         Reflect  .   (no helmet)
rElec    .         Harm     .   (no cloak)
rCorr    .         Rampage  .   D - +1 pair of gloves
MR       .....                  j - +1 pair of boots
Stlth    ..........             (no amulet)
HPRegen  0.23/turn              f - +6 ring of dexterity
MPRegen  0.12/turn              r - +4 ring of protection

@: no status effects
A: high mp 1
a: no special abilities


You were in a bailey.
You visited 1 branch of the dungeon, and saw 7 of its levels.
You also visited: Bailey.

You collected 339 gold pieces.
You spent 172 gold pieces at shops.

Inventory:

Hand Weapons
 a - a +0 war axe
 g - a +1 short sword of draining
 l - a +0 broad axe
 v - a +5 hand axe (weapon)
 G - a +2 dagger of electrocution
Missiles
 e - 234 stones
 i - 11 poisoned darts (quivered)
 p - 30 bolts
 B - 30 sling bullets
 E - 8 boomerangs
Armour
 b - a +0 plate armour (worn)
 c - a +0 kite shield (worn)
 h - a +0 ring mail
 j - a +1 pair of boots (worn)
 D - a +1 pair of gloves (worn)
 I - a +0 chain mail
Jewellery
 f - a +6 ring of dexterity (left hand)
 r - a +4 ring of protection (right hand)
 w - an uncursed ring of protection from fire
Scrolls
 n - 2 scrolls of amnesia
 o - 2 scrolls of remove curse
 u - a scroll of teleportation
 x - a scroll of enchant weapon {unknown}
 y - a scroll of magic mapping {unknown}
 C - a scroll of enchant armour
Potions
 d - a potion of might
 k - 3 potions of lignification
 q - a potion of brilliance {unknown}
 s - a potion of cancellation {unknown}
 t - a potion of invisibility {unknown}
 z - a potion of degeneration {unknown}
 H - a potion of heal wounds {unknown}


   Skills:
 + Level 7.0 Fighting
 + Level 6.6 Axes
 + Level 7.0 Armour
 + Level 6.9 Shields


You had 8 spell levels left.
You didn't know any spells.
Your spell library was empty.

Dungeon Overview and Level Annotations

Branches:
Dungeon (7/15)             Bailey (1/1)
 Temple: D:4-7

Shops:
D:6 [

Annotations:
D:2 2 transporters
D:3 2 transporters
D:6 3 runed translucent doors, SkiChan's ghost, novice MiBe


Innate Abilities, Weirdness & Mutations

You have an increased reservoir of magic. (+10% MP)


Message History

Things that are here:
a +0 hand axe; a +0 leather armour; a +0 war axe
There is a large open door here.
Items here: )))))) [[[[[[ ÷÷÷÷ †.
Found two leather armours.
You see here a poisoned dart.
Things that are here:
a poisoned dart; a +0 hand axe; a +0 leather armour
There is a large open door here.
Things that are here:
a +0 hand axe; a +0 leather armour; a +0 war axe
There is a large open door here.
Items here: )))))) [[[[[[ ÷÷÷÷÷.
The electric eel shoots out a bolt of lightning at you!
The bolt of electricity hits you!
* * * LOW HITPOINT WARNING * * *
The bolt of electricity hits you but does no damage.
The electric eel shoots out a bolt of lightning at you!
The bolt of electricity hits you.
You die...

#..#....#####)'#.)≈≈≈≈....
#..#....##...).#))≈≈≈≈....
## #....##.....+).........
#._..##..⌠.[+)......... ##
#....##....[+).........
#..#....##....)#)≈≈≈≈≈....
#..#....#####''#.≈≈≈≈≈....
#..#...o#...(..#.≈≈≈≈≈.###
#..#....#@.(...#.≈≈≈≈≈≈#
#####.......######≈≈≈≈≈#
...'.8.8.8.# #≈≈≈≈≈#
....#.......# #≈≈≈≈≈#
#####'####### #≈≈≈≈≈# ...
#≈≈≈≈≈# ≈≈;≈ #≈≈≈≈≈# ≈≈≈≈≈
≈≈≈


You could see an electric eel.

Vanquished Creatures
  An orc high priest (Bailey)
  An orc knight (Bailey)
  An orc sorcerer (Bailey)
  Grinder (D:3)
  A water moccasin (D:4)
  A sky beast (D:5)
  4 orc warriors
  3 ogres (D:4)
  2 centaurs
  A bullfrog (D:7)
  A howler monkey (D:4)
  An electric eel (Bailey)
  A bullfrog skeleton (D:6)
  6 orc wizards
  An orc priest (D:6)
  A gnoll shaman (D:6)
  Jessica (D:2)
  An iguana (D:4)
  3 worker ants
  A worker ant zombie (D:5)
  7 gnolls
  7 adders
  2 shadow imps
  A white imp (D:6)
  An ooze (D:3)
  A worm (D:2)
  3 leopard geckos
  23 orcs
  4 ball pythons
  4 giant cockroaches
  15 goblins
  15 hobgoblins
  14 jackals
  8 quokkas
  6 bats
  5 frilled lizards
  9 kobolds
  8 rats
166 creatures vanquished.

Vanquished Creatures (others)
  6 plants (D:3)
6 creatures vanquished.

Grand Total: 172 creatures vanquished

Notes
Turn   | Place    | Note
-------+----------+-------------------------------------------
     0 | D:1      | demenzo the Demigod Fighter began the quest for the Orb.
     0 | D:1      | Reached XP level 1. HP: 18/18 MP: 3/3
   225 | D:1      | Reached XP level 2. HP: 22/25 MP: 4/4
   842 | D:2      | Found a transporter.
   843 | D:2      | Noticed a red ugly thing
   844 | D:2      | Found a glowing golden altar of the Shining One.
   887 | D:2      | Reached XP level 3. HP: 26/31 MP: 5/5
  1005 | D:2      | Noticed Jessica
  1009 | D:2      | Killed Jessica
  1052 | D:2      | Reached XP level 4. HP: 34/38 MP: 6/6
  1363 | D:2      | Found a transporter.
  1989 | D:3      | Found a burning altar of Makhleb.
  2042 | D:3      | Found a transporter.
  2048 | D:3      | Found a transporter.
  2106 | D:3      | Noticed Grinder
  2115 | D:3      | Paralysed by Grinder for 6 turns
  2124 | D:3      | Killed Grinder
  2124 | D:3      | Reached XP level 5. HP: 5/46 MP: 7/7
  2124 | D:3      | Reached XP level 6. HP: 6/52 MP: 8/8
  2955 | D:4      | Noticed a water moccasin
  2972 | D:4      | Killed a water moccasin
  3148 | D:4      | Reached XP level 7. HP: 25/60 MP: 9/9
  4126 | D:5      | Entered Level 5 of the Dungeon
  4323 | D:5      | Reached skill level 5 in Fighting
  4323 | D:5      | Reached skill level 5 in Armour
  4507 | D:5      | Reached skill level 5 in Shields
  5259 | D:5      | Reached XP level 8. HP: 27/68 MP: 10/10
  5597 | D:6      | Reached skill level 5 in Axes
  5622 | D:6      | Found a runed translucent gate.
  5623 | D:6      | Found a runed translucent gate.
  5624 | D:6      | Found a runed translucent gate.
  5715 | D:6      | Noticed SkiChan's ghost (novice MiBe)
  5984 | D:6      | Found Uzoycaut's Antique Armour Shop.
  6120 | D:6      | Bought a shiny chain mail for 172 gold pieces
  6347 | D:7      | Found a flagged portal.
  6423 | Bailey   | Entered a bailey
  6891 | Bailey   | Noticed an orc sorcerer
  6891 | Bailey   | Noticed an orc high priest
  6908 | Bailey   | Noticed a hellwing
  6915 | Bailey   | Killed an orc sorcerer
  6920 | Bailey   | HP: 1/70 [orc high priest/nerve-wracking pain (4)]
  6926 | Bailey   | Killed an orc high priest
  6926 | Bailey   | Reached XP level 9. HP: 13/78 MP: 11/11
  7231 | Bailey   | Found an iron altar of Okawaru.
  7289 | Bailey   | Noticed an orc knight
  7315 | Bailey   | Killed an orc knight
  7505 | Bailey   | Noticed an orc knight
  7592 | Bailey   | HP: 1/79 [electric eel/bolt of electricity (16)]
  7593 | Bailey   | Killed from afar by an electric eel

Illustrated notes

Levels and vault maps discovered:
D:1:      dpeg_arrival_more_subterranean_lakeside_camping, layout_basic,
          minmay_crystal_water
D:2:      layout_basic, gammafunk_temple_overflow_arena, minmay_pentomino_p2,
          uniq_jessica
D:3:      layout_loops_ring, nicolae_overflow_crystal_walls,
          gammafunk_ghost_gnarly_gnolls, uniq_grinder
D:4:      layout_basic
D:5:      layout_cave_pods, grunt_decor_arrowhead
D:6:      layout_cave_pods, gammafunk_ghost_icy, serial_shops,
          nicolae_shop_window_shopping
D:7:      minmay_the_grid_octo_triangle [minmay_the_grid_octo_empty,
          minmay_the_grid_octo_prize_square_snowflake,
          minmay_the_grid_octo_pinwheel], layout_basic,
          minmay_temple_entry_water_ring, enter_bailey_3
Bailey:   bailey_axe_of_yendor_kennysheep, bailey

Skill      XL: |  1  2  3  4  5  6  7  8  9 |
---------------+----------------------------+-----
Axes           | 2 3 4 6 |  6.6
Armour         | 3 4 5 6 7 |  7.0
Fighting       | 3 4 5 6 7 |  7.0
Shields        | 3 4 5 6 |  6.9

Action                   |  1- 3 |  4- 6 |  7- 9 || total
-------------------------+-------+-------+-------++-------
Melee: War axe           |    24 |       |       ||    24
       Short sword       |   100 |    73 |       ||   173
       Hand axe          |       |    76 |   264 ||   340
Throw: Dart              |       |       |     6 ||     6
  Use: Potion            |       |     1 |     4 ||     5
       Scroll            |       |       |     7 ||     7
Armor: Scale mail        |    62 |    48 |    42 ||   152
       Chain mail        |       |       |    45 ||    45
       Plate armour      |       |       |     7 ||     7
Dodge: Dodged            |    46 |    35 |    58 ||   139
Block: Kite shield       |    63 |    58 |   107 ||   228

Table legend: (Time is in decaauts)
 A = Elapsed time spent in this place.
 B = Non-inter-level travel time spent in this place.
 C = Inter-level travel time spent in this place.
 D = Time resting spent in this place.
 E = Time spent auto-exploring this place.
 F = Levels seen in this place.
 G = Mean time per level.
                   A        B        C        D        E       F      G
               +--------+--------+--------+--------+--------+-----+--------+
         Total |   7696 |   7510 |    186 |   2676 |   3404 |   8 |  962.0 |
       Dungeon |   6512 |   6326 |    186 |   1891 |   3392 |   7 |  930.3 |
        Bailey |   1183 |   1183 |      0 |    785 |     12 |   1 | 1183.0 |
               +--------+--------+--------+--------+--------+-----+--------+

Top non-repeatable levels by time:
     D:3: 1347 daAuts
     D:4: 1269 daAuts
     D:5: 1228 daAuts
  Bailey: 1183 daAuts
     D:6: 1018 daAuts
     D:2: 807 daAuts
     D:1: 765 daAuts
     D:7: 74 daAuts
